 Dungeon Crawl Stone Soup version 0.20.1-1-g8b1a95d (webtiles) character file.

46 vatarom the Insei (level 3, -7/23 HPs)
             Began as an Octopode Transmuter on Sept 20, 2017.
             Killed by nerve-wracking pain
             ... invoked by Jessica
              (13 damage)
             ... on level 2 of the Dungeon.
             The game lasted 00:04:22 (1420 turns).

vatarom the Insei (Octopode Transmuter)             Turns: 1420, Time: 00:04:24

Health: -7/23      AC:  0    Str:  9    XL:     3   Next: 68%
Magic:  5/6        EV: 15    Int: 15    God:
Gold:   102        SH:  0    Dex: 13    Spells: 0/6 levels left

rFire    . . .     SeeInvis .     - Unarmed
rCold    . . .     Gourm    .   (shield currently unavailable)
rNeg     . . .     Faith    .   (helmet currently unavailable)
rPois    .         Spirit   .   (no amulet)
rElec    .         Reflect  .   (ring currently unavailable)
rCorr    .         Harm     .   (ring currently unavailable)
MR       .....                  (ring currently unavailable)
Stlth    ++........             (ring currently unavailable)
Regen    0.1/turn               (ring currently unavailable)
MPRegen  0.1/turn               (ring currently unavailable)
                                (ring currently unavailable)
                                (ring currently unavailable)

@: pig-form (expiring), very quick
A: almost no armour, stealthy swim, (amphibious), (8 rings), (constrict 8)
a: no special abilities


You were on level 2 of the Dungeon.
You were not hungry.
You were a filthy swine.
You visited 1 branch of the dungeon, and saw 2 of its levels.

You collected 102 gold pieces.

Inventory:

Missiles
 a - 11 arrows
Scrolls
 d - a scroll of teleportation
 e - a scroll of enchant weapon
 i - a scroll of amnesia
 j - a scroll of identify
Potions
 g - a potion of lignification
Books
 b - a book of Changes

   Spells                             Type                      Level
   a - Beastly Appendage              Transmutation                1
   b - Sticks to Snakes               Transmutation                2
   c - Spider Form                    Transmutation/Poison         3
   d - Ice Form                       Ice/Transmutation            4
   e - Blade Hands                    Transmutation                5
Comestibles
 c - 3 bread rations
 h - a meat ration


   Skills:
 + Level 1.6 Fighting
 + Level 2.4 Dodging
 + Level 2.0 Stealth
 * Level 3.6 Unarmed Combat
 - Level 2.0 Spellcasting
 - Level 2.0 Transmutations


You couldn't memorise any spells.
You knew the following spells:

 Your Spells              Type           Power        Failure   Level  Hunger
a - Beastly Appendage     Tmut           #.....       10%         1    #......
b - Sticks to Snakes      Tmut           #.......     14%         2    ###....
c - Spider Form           Tmut/Pois      #.........   41%         3    ###....


Dungeon Overview and Level Annotations

Branches:
Dungeon (2/15)

Altars:

Annotations:
D:2 Jessica


Innate Abilities, Weirdness & Mutations

You cannot wear most types of armour.
You are very stealthy in the water. (Stealth+)
((You are amphibious.))
((You can wear up to eight rings at the same time.))
((You can use your tentacles to constrict eight enemies at once.))
((Your skin changes colour to match your surroundings (Stealth+).))
((Your rubbery body absorbs attacks. (AC +1, EV +1)))


Message History

Pain shoots through your body!
Jessica zaps a wand.
Your transformation has ended.
You turn into a filthy swine.
It is a wand of polymorph (?/24).
Jessica zaps a wand.
You closely miss Jessica. Jessica closely misses you.
You barely miss Jessica. Jessica hits you. Jessica misses you.
You barely miss Jessica. Jessica hits you.
You are stuck in your current form!
Jessica casts a spell at you. Pain shoots through your body!
* * * LOW HITPOINT WARNING * * *
All of the chunks of flesh in your inventory have rotted away.
Jessica gestures wildly while chanting.
Jessica blinks!
You feel yourself speed up.
Your transformation is almost over.
Jessica casts a spell at you. Pain shoots through your body!
Ouch! That really hurt!
You die...

......# #.# #.# #.#
##.##.###.###.###.##
#.............#.....
#..##.....#####.....
#.......### #[....
#....r#.# #.....
#..@....# #.....
#.#.....# #..... #
#h....#######.....
#<......†.........
#.#..########.....
#....# ######
#.#.##############
#.#...............
##################
.. ##


You could see Jessica and a rat.

Vanquished Creatures
  A worm (D:2)
  2 dart slugs (D:1)
  A leopard gecko (D:2)
  6 bats
  2 giant cockroaches
  3 goblins (D:1)
  7 hobgoblins
  A ball python (D:1)
  2 frilled lizards (D:1)
  5 kobolds
  6 rats
36 creatures vanquished.

Vanquished Creatures (collateral kills)
  A goblin (D:1)
1 creature vanquished.

Grand Total: 37 creatures vanquished

Notes
Turn   | Place    | Note
-------+----------+-------------------------------------------
     0 | D:1      | vatarom the Octopode Transmuter began the quest for the Orb.
     0 | D:1      | Reached XP level 1. HP: 13/13 MP: 3/3
    73 | D:1      | Reached skill level 1 in Stealth
    73 | D:1      | Reached XP level 2. HP: 10/18 MP: 5/5
   181 | D:1      | Learned a level 2 spell: Sticks to Snakes
   544 | D:1      | Reached XP level 3. HP: 18/23 MP: 4/6
  1011 | D:2      | Learned a level 3 spell: Spider Form
  1394 | D:2      | Noticed Jessica
  1420 | D:2      | Killed from afar by Jessica

Skill      XL: |  1  2  3 |
---------------+----------+-----
Stealth        | 1 2 |  2.0
Fighting       | |  1.6
Dodging        | |  2.4
Unarmed Combat | |  3.6
Spellcasting   | |  2.0
Transmutations | |  2.0

Action                   || total
-------------------------++-------
Melee: Unarmed           ||    85
       Constrict         ||    24
       Kick              ||     8
       Tentacles         ||    13
       Punch             ||     1
 Cast: Beastly Appendage ||    10
       Sticks to Snakes  ||     1
       Spider Form       ||     1
  Use: Scroll            ||     5
       Potion            ||     3
 Stab: Sleeping          ||     5
  Eat: Chunk             ||     2
Armor: Skin              ||     6
Dodge: Dodged            ||    55
